 Dungeon Crawl Stone Soup version 0.20.1-1-g8b1a95d (webtiles) character file.

20264 seb29deBrest the Basher (level 12, -4/107 HPs)
             Began as a Minotaur Monk on Nov 12, 2017.
             Was an Elder of Yredelemnul.
             Slain by a ten-headed hydra (7 damage)
             ... on level 14 of the Dungeon.
             The game lasted 01:03:22 (12555 turns).

seb29deBrest the Basher (Minotaur Monk)            Turns: 12555, Time: 01:03:23

Health: -4/107     AC: 14    Str: 22    XL:     12   Next: 43%
Magic:  0/12       EV: 18    Int:  7    God:    Yredelemnul [****..]
Gold:   822        SH:  0    Dex: 14    Spells: 7/11 levels left

rFire    + . .     SeeInvis +   R - +5 battleaxe (elec)
rCold    . . .     Gourm    .   (shield currently unavailable)
rNeg     . . .     Faith    .   K - +0 troll leather armour
rPois    .         Spirit   +   (helmet restricted)
rElec    +         Reflect  .   F - +0 cloak
rCorr    .         Harm     .   i - +0 pair of gloves
MR       .....                  D - +2 pair of boots
Stlth    +++.......             v - amulet of guardian spirit
Regen    0.7/turn               L - +2 ring of strength
MPRegen  0.2/turn               p - ring of see invisible

@: marked
A: retaliatory headbutt, horns 2, slimy green scales 1, fire resistance 1,
electricity resistance, evolution 1
a: Recall Undead Slaves, Injury Mirror, Animate Dead, Drain Life, Renounce
Religion


You were on level 14 of the Dungeon.
You worshipped Yredelemnul.
Yredelemnul was greatly pleased with you.
You were very hungry.

You visited 1 branch of the dungeon, and saw 14 of its levels.
You also visited: Bailey.

You collected 822 gold pieces.

Inventory:

Hand Weapons
 A - the +1 mace of Suicidal Tendencies {venom, rN+}
   (You found it on level 7 of the Dungeon)

   It poisons the flesh of those it strikes.
   It protects you from negative energy.
 N - a cursed -3 falchion
 Q - a +4 hand axe of chopping
 R - a +5 battleaxe of electrocution (weapon)
Armour
 i - a +0 pair of gloves (worn)
 k - a +0 ring mail
 D - a +2 pair of boots (worn)
 F - a +0 cloak (worn)
 K - a +0 troll leather armour (worn)
 U - a +1 leather armour of cold resistance
Jewellery
 j - an uncursed ring of fire {unknown}
 l - an uncursed ring of protection from cold
 p - a ring of see invisible (right hand)
 v - an amulet of guardian spirit (around neck)
 L - a +2 ring of strength (left hand)
 T - an uncursed ring of flight
Wands
 t - a wand of flame (18/48)
 u - a wand of digging (12/24)
 E - a wand of disintegration (16/24)
 M - a wand of digging (13/24)
 Z - a wand of polymorph (10/24)
Scrolls
 a - 2 scrolls of recharging {unknown}
 d - 2 scrolls of teleportation {unknown}
 e - 2 scrolls of fear {unknown}
 g - a scroll of enchant weapon
 m - a scroll of amnesia {unknown}
 o - 2 scrolls of immolation
 q - 3 scrolls of random uselessness {unknown}
 r - 7 scrolls of remove curse
 w - 3 scrolls of enchant armour {unknown}
 y - 2 scrolls of magic mapping
 B - a scroll of brand weapon {unknown}
 C - a scroll of noise {unknown}
 H - a scroll of acquirement {unknown}
 V - a scroll of fog
Potions
 h - 2 potions of flight
 s - a potion of lignification
 x - 3 potions of brilliance {unknown}
 J - a potion of cancellation {unknown}
Books
 I - a book of Frost

   Spells                             Type                      Level
   a - Freeze                         Ice                          1
   b - Throw Frost                    Conjuration/Ice              2
   c - Ozocubu's Armour               Charms/Ice                   3
   d - Throw Icicle                   Conjuration/Ice              4
   e - Summon Ice Beast               Ice/Summoning                4
 O - a book of Flames

   Spells                             Type                      Level
   a - Flame Tongue                   Conjuration/Fire             1
   b - Throw Flame                    Conjuration/Fire             2
   c - Conjure Flame                  Conjuration/Fire             3
   d - Inner Flame                    Hexes/Fire                   3
   e - Sticky Flame                   Conjuration/Fire             4
   f - Fireball                       Conjuration/Fire             5
 W - a book of Spatial Translocations

   Spells                             Type                      Level
   a - Blink                          Translocation                2
   b - Shroud of Golubria             Charms/Translocation         2
   c - Lesser Beckoning               Translocation                3
   d - Gell's Gravitas                Translocation                3
   e - Teleport Other                 Translocation                3
   f - Passage of Golubria            Translocation                4
Miscellaneous
 b - a crystal ball of energy
 S - a lightning rod (3/4)
Comestibles
 c - 5 bread rations
 f - 8 royal jellies
 n - 2 fruits
 G - 4 meat rations


   Skills:
 + Level 10.3 Fighting
 * Level 8.3(11.9) Axes
 - Level 13.6(14.3) Maces & Flails
 * Level 10.8 Armour
 + Level 9.6 Dodging
 - Level 5.2 Stealth
 + Level 2.2 Invocations
 + Level 1.8 Evocations


You had 7 spell levels left.
You knew the following spells:

 Your Spells              Type           Power        Failure   Level  Hunger
a - Freeze                Ice            #...         45%         1    ##.....
b - Ozocubu's Armour      Chrm/Ice       #.......     83%         3    ####...


Dungeon Overview and Level Annotations

Branches:
Dungeon (14/15)            Temple (0/1) D:5            Lair (0/6) D:9
    Orc: D:9-12      Vaults: D:13-14

Altars:
Gozag
Kikubaaqudgha
Okawaru
Ru
Yredelemnul

Shops:
D:13 }

Annotations:
D:4 Dowan, Duvessa
D:10 exclusion: ice statue
Abyss:1 Robin, Sigmund


Innate Abilities, Weirdness & Mutations

You reflexively headbutt those who attack you in melee.
You have a pair of horns on your head.
You are partially covered in slimy green scales. (AC +2)
Your flesh is heat resistant. (rF+)
You are resistant to electric shocks. (rElec)
You evolve.


Message History

The ten-headed hydra bites you.
* * * LOW HITPOINT WARNING * * *
The ten-headed hydra bites you!
* * * LOW HITPOINT WARNING * * *
The ten-headed hydra misses you.
The ten-headed hydra bites you but does no damage.
The ten-headed hydra bites you!
* * * LOW HITPOINT WARNING * * *
The ten-headed hydra bites you but does no damage.
The ten-headed hydra bites you.
* * * LOW HITPOINT WARNING * * *
The tengu warrior closely misses you. x2
The tengu warrior claws you but does no damage.
As you read the scroll of fog, it crumbles to dust.
The scroll dissolves into smoke.
The ten-headed hydra barely misses you.
The ten-headed hydra completely misses you.
The ten-headed hydra closely misses you.
The ten-headed hydra bites you!
You die...
Your body rises from the dead as a mindless zombie.

######## #...<.##. #####
#.....##.### #.... # #.....# .§§#
#.... #
#.....####§#############.... ##
#.........§@Qc.............. .#
#........§§§D§..............
.#####........§.§.J(.............
.................##(##########...
.................#(..........#...
....####.........#..((.......#...
###'#..#.........#....(......#...
.......####'#....#...........#...
............'....#...........#...


You could see a ten-headed hydra, a tengu warrior, a centaur and a jelly.

Vanquished Creatures
  3 centaur warriors
  4 two-headed ogres
  2 unseen horrors
  An orange crystal statue (D:11)
  The ghost of bmj180 the Slasher, a novice HuBe of Trog (D:6)
  2 orc knights (D:14)
  An ugly thing (D:13)
  A cyclops (D:13)
  A centaur zombie (D:12)
  A gargoyle (D:12)
  An efreet (D:13)
  2 ice devils (D:14)
  2 trolls
  2 hippogriffs
  A slime creature (D:12)
  A wraith (D:10)
  9 yaks
  A vampire (D:9)
  A wyvern (D:13)
  A human (D:8)
  A basilisk (D:12)
  4 hogs (D:8)
  A hungry ghost (D:9)
  Menkaure (D:7)
  The ghost of ArtsTyrian the Covert, an amateur OpAs (D:4)
  An acid dragon (D:13)
  3 wargs (D:14)
  A water moccasin (D:8)
  A hornet zombie (D:11)
  5 orc warriors
  An ice beast (D:9)
  A black bear (D:12)
  An eye of draining (D:9)
  4 sky beasts
  A phantom (D:8)
  3 ogres
  14 centaurs
  3 crocodiles
  2 big kobolds (D:8)
  7 bullfrogs
  A wyvern zombie (D:12)
  A scorpion (D:7)
  6 crimson imps
  6 hounds
  10 orc wizards
  3 jellies
  Crazy Yiuf (D:7)
  A centaur skeleton (D:5)
  5 orc priests
  A bullfrog skeleton (D:11)
  3 iguanas
  11 worker ants
  A killer bee zombie (D:10)
  A worker ant zombie (D:8)
  4 gnolls
  10 adders
  An adder skeleton (D:9)
  4 worms
  2 dart slugs
  4 leopard geckos
  32 orcs
  19 bats
  5 giant cockroaches
  11 goblins
  10 hobgoblins
  19 jackals
  2 quokkas
  A ball python (D:2)
  5 frilled lizards
  17 kobolds
  A leopard gecko zombie (D:6)
  A quokka zombie (D:8)
  6 rats
  A withered plant (D:3)
300 creatures vanquished.

Vanquished Creatures (collateral kills)
  A fire crab (shapeshifter) (D:14)
  4 slime creatures (D:12)
  A warg (D:14)
  An orc warrior (D:11)
  An eye of draining (D:12)
  A phantom (D:13)
  An ice beast (D:11)
  A black bear (D:13)
  2 centaurs (D:14)
  A big kobold (D:10)
  2 bullfrogs
  2 electric eels (D:11)
  A bullfrog zombie (D:10)
  A quasit (D:10)
  A jelly (D:12)
  2 orc priests (D:10)
  A bullfrog skeleton (D:12)
  5 orc wizards
  2 shadow imps
  2 orcs
  4 goblins (D:13)
  5 kobolds (D:10)
42 creatures vanquished.

Vanquished Creatures (others)
  5 flying skulls
  A wraith (D:14)
  A centaur (D:7)
  A warg zombie (D:14)
  2 centaur zombies (D:14)
  An orc wizard (D:6)
  A mummy (D:10)
  A howler monkey zombie (D:5)
  2 orcs
  A hobgoblin (D:3)
  A goblin (D:3)
17 creatures vanquished.

Grand Total: 359 creatures vanquished

Notes
Turn   | Place    | Note
-------+----------+-------------------------------------------
     0 | D:1      | seb29deBrest the Minotaur Monk began the quest for the Orb.
     0 | D:1      | Reached XP level 1. HP: 19/19 MP: 0/0
    75 | D:1      | Reached XP level 2. HP: 18/27 MP: 1/1
   471 | D:1      | Reached skill level 4 in Maces & Flails
   483 | D:1      | Reached XP level 3. HP: 20/33 MP: 2/2
  1188 | D:2      | Found an iron altar of Okawaru.
  1279 | D:2      | Reached XP level 4. HP: 41/41 MP: 3/3
  2021 | D:3      | Reached XP level 5. HP: 30/47 MP: 4/4
  2056 | D:3      | Reached skill level 5 in Fighting
  2470 | D:3      | Found an ancient bone altar of Kikubaaqudgha.
  2487 | D:3      | Reached skill level 1 in Armour
  2663 | D:4      | Noticed ArtsTyrian's ghost (amateur OpAs)
  2679 | D:4      | Killed ArtsTyrian's ghost
  2679 | D:4      | Reached skill level 5 in Maces & Flails
  2679 | D:4      | Reached XP level 6. HP: 36/56 MP: 5/5
  2848 | D:4      | Noticed Sigmund
  2856 | D:4      | Banished Sigmund
  2977 | D:4      | Reached skill level 5 in Dodging
  3078 | D:4      | Reached skill level 6 in Maces & Flails
  3078 | D:4      | Reached XP level 7. HP: 61/61 MP: 6/6
  3163 | D:4      | Noticed Robin
  3236 | D:4      | Noticed Dowan
  3238 | D:4      | Noticed Duvessa
  3546 | D:4      | Banished Robin
  3582 | D:5      | Entered Level 5 of the Dungeon
  3600 | D:5      | Found a basalt altar of Yredelemnul.
  3614 | D:5      | Became a worshipper of Yredelemnul the Dark
  3614 | D:5      | Reached * piety under Yredelemnul
  3614 | D:5      | Reached ** piety under Yredelemnul
  3799 | D:5      | Found a staircase to the Ecumenical Temple.
  4114 | D:6      | Reached skill level 5 in Armour
  4159 | D:6      | Reached XP level 8. HP: 60/70 MP: 5/7
  4190 | D:6      | Noticed bmj180's ghost (novice HuBe)
  4200 | D:6      | Killed bmj180's ghost
  4200 | D:6      | Reached skill level 7 in Maces & Flails
  4945 | D:7      | Reached skill level 8 in Maces & Flails
  5145 | D:7      | Got a transparent mace
  5196 | D:7      | Found a runed door.
  5362 | D:7      | Noticed Menkaure
  5371 | D:7      | Killed Menkaure
  5712 | D:7      | Noticed Crazy Yiuf
  5717 | D:7      | Killed Crazy Yiuf
  5813 | D:8      | Identified the +1 mace of Suicidal Tendencies {venom, rN+} (You found it on level 7 of the Dungeon)
  5915 | D:8      | Reached XP level 9. HP: 73/78 MP: 6/8
  5926 | D:8      | Reached skill level 9 in Maces & Flails
  6304 | D:8      | Found an opulent altar of Gozag.
  6593 | D:8      | Noticed a two-headed ogre
  6603 | D:8      | Killed a two-headed ogre
  6603 | D:8      | Reached *** piety under Yredelemnul
  6603 | D:8      | Reached skill level 10 in Maces & Flails
  6950 | D:8      | Reached XP level 10. HP: 85/88 MP: 7/9
  7005 | D:8      | Noticed a two-headed ogre
  7014 | D:8      | Killed a two-headed ogre
  7014 | D:8      | Reached skill level 11 in Maces & Flails
  7500 | D:8      | Learned a level 1 spell: Freeze
  7801 | D:9      | HP: 4/90 [hippogriff (5)]
  7807 | D:9      | Gained mutation: You evolve. [potion of mutation]
  7807 | D:9      | Gained mutation: You are resistant to electric shocks. (rElec) [potion of mutation]
  7807 | D:9      | Gained mutation: You are partially covered in slimy green scales. (AC +2) [potion of mutation]
  7808 | D:9      | Reached skill level 12 in Maces & Flails
  8209 | D:9      | Found a staircase to the Lair.
  8758 | D:10     | Entered Level 10 of the Dungeon
  8770 | D:10     | Reached skill level 1 in Invocations
  8770 | D:10     | Reached skill level 1 in Evocations
  8770 | D:10     | Received a gift from Yredelemnul (a mummy)
  8812 | D:10     | Noticed a two-headed ogre
  8824 | D:10     | Killed a two-headed ogre
  8914 | D:10     | Gained mutation: Your flesh is heat resistant. (rF+) [evolution]
  9088 | D:10     | Noticed an ice statue
  9098 | D:10     | Reached **** piety under Yredelemnul
  9103 | D:10     | Received a gift from Yredelemnul (2 flying skulls)
  9110 | D:10     | Reached XP level 11. HP: 81/95 MP: 11/11
  9387 | D:11     | Found a sacrificial altar of Ru.
  9426 | D:11     | Noticed an unseen horror
  9436 | D:11     | Killed an unseen horror
  9983 | D:11     | Noticed an orange crystal statue
  9993 | D:11     | Killed an orange crystal statue
 10003 | D:11     | Learned a level 3 spell: Ozocubu's Armour
 10125 | D:12     | Reached skill level 13 in Maces & Flails
 10466 | D:12     | Reached skill level 5 in Stealth
 10537 | D:12     | Received a gift from Yredelemnul (a wraith)
 10921 | D:13     | Found Selamiyll's Gadget Emporium.
 10921 | D:13     | Noticed a green ugly thing
 10933 | D:13     | Killed a green ugly thing
 10933 | D:13     | Reached skill level 10 in Armour
 10938 | D:13     | Reached skill level 1 in Axes
 10948 | D:13     | Noticed a two-headed ogre
 10957 | D:13     | Killed a two-headed ogre
 10957 | D:13     | Reached skill level 10 in Fighting
 10957 | D:13     | Received a gift from Yredelemnul (3 flying skulls)
 10976 | D:13     | Noticed a vault guard
 10976 | D:13     | Noticed a deep elf archer
 11017 | D:13     | Got a pair of translucent gloves
 11018 | D:13     | Identified the -1 pair of gloves "Meqec" {rCorr} (You found it on level 13 of the Dungeon)
 11034 | D:13     | Noticed an unseen horror
 11036 | D:13     | Noticed a deep elf mage
 11083 | D:13     | Found a flagged portal.
 11100 | Bailey   | Entered a bailey
 11351 | D:13     | Noticed a centaur warrior
 11358 | D:13     | Killed a centaur warrior
 11468 | D:13     | Reached XP level 12. HP: 65/106 MP: 7/12
 11589 | D:13     | Noticed a vault guard
 11687 | D:14     | Noticed a centaur warrior
 11691 | D:14     | Killed a centaur warrior
 11691 | D:14     | Reached skill level 5 in Axes
 11791 | D:14     | HP: 6/159 [orc wizard/magic dart (5)]
 11796 | D:14     | HP: 5/159 [poisoned by an orc wizard]
 11801 | D:14     | HP: 5/159 [poisoned by an orc wizard]
 11808 | D:14     | HP: 5/159 [poisoned by an orc wizard]
 11816 | D:14     | HP: 6/159 [poisoned by an orc wizard]
 12232 | D:14     | Noticed a centaur warrior
 12240 | D:14     | Killed a centaur warrior
 12399 | D:14     | Found a basalt altar of Yredelemnul.
 12539 | D:14     | Noticed an eight-headed hydra
 12545 | D:14     | Noticed a tengu warrior
 12554 | D:14     | HP: 3/107 [ten-headed hydra (5)]
 12555 | D:14     | Slain by a ten-headed hydra

Skill      XL: |  1  2  3  4  5  6  7  8  9 10 11 12 |
---------------+-------------------------------------+-----
Fighting       | 4 5 6 8 10 | 10.3
Maces & Flails | 4 5 6 8 10 12 13 | 13.6
Dodging        | 4 5 6 7 8 9 |  9.6
Stealth        | 2 3 4 5 |  5.2
Armour         | 2 3 5 7 8 9 10 | 10.8
Invocations    | 1 2 |  2.2
Evocations     | 1 |  1.8
Axes           | 3 8 |  8.3

Action                   |  1- 3 |  4- 6 |  7- 9 | 10-12 || total
-------------------------+-------+-------+-------+-------++-------
Melee: Mace              |    48 |       |    87 |   402 ||   537
       Headbutt          |     7 |    21 |    33 |   121 ||   182
       Whip              |    31 |   116 |   151 |       ||   298
       Battleaxe         |       |       |       |    99 ||    99
 Cast: Freeze            |       |       |       |     1 ||     1
Invok: Injury Mirror     |       |       |     2 |     3 ||     5
       Animate Dead      |       |       |       |     6 ||     6
Evoke: Wand              |       |       |       |     8 ||     8
       Lightning rod     |       |       |       |     1 ||     1
  Use: Potion            |       |     4 |     1 |     8 ||    13
       Scroll            |       |     1 |     9 |    14 ||    24
 Stab: Sleeping          |     2 |     1 |     2 |     6 ||    11
       Distracted        |       |       |       |     4 ||     4
  Eat: Chunk             |     1 |     2 |       |     7 ||    10
       Bread ration      |       |     1 |     1 |     2 ||     4
       Meat ration       |       |       |     1 |     1 ||     2
       Fruit             |       |       |     2 |       ||     2
       Royal jelly       |       |       |       |     1 ||     1
Armor: Robe              |    10 |       |       |       ||    10
       Ring mail         |    10 |    21 |    47 |   105 ||   183
       Troll leather arm |       |       |       |    70 ||    70
       Skin              |       |       |       |    17 ||    17
Dodge: Dodged            |    66 |    50 |   133 |   419 ||   668
